[Event "Titled Tuesday Blitz November 14 Early 2023"]
[White "Dubov, Daniil"]
[Black "Molina, Roberto Junio Brito"]
[WhiteFideId "24126055"]
[BlackFideId "2109450"]
[WhiteElo "3133"]
[BlackElo "2815"]
[Result "1-0"]
[Round "3"]
[TimeControl "180+1"]
[Date "2023.11.14"]
[WhiteClock "0:01:32"]
[BlackClock "0:00:00"]
[Board "2"]

1. e4 c6 2. d4 d5 3. e5 Bf5 4. Nf3 e6 5. Be2 Nd7 6. O-O Bg6 7. Nbd2 Nh6 8. Re1 Nf5 9. Nf1 Be7 10. Bd3 O-O 11. Ng3 Nxg3 12. hxg3 c5 13. Bxg6 fxg6 14. c3 c4 15. Be3 b5 16. Kh1 g5 17. Ng1 h6 18. Qg4 Rf5 19. Qh3 Qe8 20. g4 Rf8 21. Ne2 a5 22. Rad1 b4 23. f4 gxf4 24. Nxf4 Bg5 25. Nh5 Qg6 26. Bxg5 Qxg5 27. Rf1 bxc3 28. bxc3 Rab8 29. Rf3 Rxf3 30. gxf3 Qe3 31. g5 hxg5 32. Qxe6+ Kh7 33. Qf5+ Kh6 34. Ng3 Rh8 35. Kg2 1-0


[Site "https://www.chess.com"]

[Event "Titled Tuesday Blitz November 14 Early 2023"]
[White "Gharibyan, Mamikon"]
[Black "Nihal Sarin"]
[WhiteFideId "13308300"]
[BlackFideId "25092340"]
[WhiteElo "2814"]
[BlackElo "3120"]
[Result "0-1"]
[Round "3"]
[TimeControl "180+1"]
[Date "2023.11.14"]
[WhiteClock "0:00:00"]
[BlackClock "0:00:02"]
[Board "3"]

1. e4 c5 2. Nf3 g6 3. c3 d5 4. e5 a6 5. d4 Nc6 6. h3 Bg7 7. Bd3 f6 8. exf6 Nxf6 9. O-O O-O 10. Re1 cxd4 11. cxd4 Nh5 12. Bf1 Nf4 13. Nc3 Qd6 14. Be3 g5 15. Ne5 Be6 16. Nxc6 bxc6 17. Be2 Rf7 18. Rc1 Raf8 19. Bg4 Bxg4 20. hxg4 e5 21. dxe5 Bxe5 22. Ne2 Qh6 23. Ng3 Nh3+ 24. gxh3 Bxg3 0-1


[Site "https://www.chess.com"]

[Event "Titled Tuesday Blitz November 14 Early 2023"]
[White "Andreikin, Dmitry"]
[Black "Materia, Marco"]
[WhiteFideId "4158814"]
[BlackFideId "45150451"]
[WhiteElo "3118"]
[BlackElo "2813"]
[Result "1-0"]
[Round "3"]
[TimeControl "180+1"]
[Date "2023.11.14"]
[WhiteClock "0:00:07"]
[BlackClock "0:00:48"]
[Board "4"]

1. d4 Nf6 2. c4 e6 3. Nf3 d5 4. Bg5 Be7 5. e3 c6 6. Nbd2 Nbd7 7. Bd3 O-O 8. O-O h6 9. Bf4 b6 10. cxd5 cxd5 11. Rc1 Ne8 12. Qa4 Bb7 13. Bb5 Ndf6 14. Ne5 a6 15. Bc6 b5 16. Qb3 Qb6 17. a4 Nd6 18. a5 Qa7 19. Qd3 Rac8 20. b3 Qa8 21. Qc2 Nh5 22. Ndf3 Nxf4 23. exf4 Ne4 24. Bxb7 Qxb7 25. Qe2 Rxc1 26. Rxc1 Rc8 27. Rc2 Bb4 28. g4 Bxa5 29. g5 hxg5 30. Nxg5 Nxg5 31. fxg5 Rxc2 32. Qxc2 Bc7 33. Nd3 Bd6 34. b4 g6 35. Kg2 Kg7 36. h4 Qa7 37. Qc3 Qa8 38. Nc5 Qh8 39. Qf3 Be7 40. Qf4 Qd8 41. Nxa6 Qd6 42. Qxd6 Bxd6 43. Nc5 Bxc5 44. dxc5 Kf8 45. f4 Ke7 46. Kf3 f6 47. h5 gxh5 48. g6 h4 49. g7 Kf7 50. c6 Kxg7 51. c7 1-0


[Site "https://www.chess.com"]

[Event "Titled Tuesday Blitz November 14 Early 2023"]
[White "Rakhmanov, Aleksandr"]
[Black "Pranav, V"]
[WhiteFideId "4173708"]
[BlackFideId "25060783"]
[WhiteElo "2811"]
[BlackElo "3102"]
[Result "1/2-1/2"]
[Round "3"]
[TimeControl "180+1"]
[Date "2023.11.14"]
[WhiteClock "0:00:06"]
[BlackClock "0:00:02"]
[Board "5"]

1. d4 Nf6 2. c4 e6 3. Nc3 Bb4 4. e3 O-O 5. Nf3 d5 6. Bd2 b6 7. cxd5 exd5 8. Bd3 Bb7 9. O-O Nbd7 10. a3 Bd6 11. Nb5 Be7 12. Ne5 a6 13. Nc3 Bd6 14. f4 c5 15. Qf3 Re8 16. Qh3 Nf8 17. Be1 cxd4 18. exd4 Ne4 19. Bh4 Qc8 20. f5 Nxc3 21. Rac1 Bc5 22. dxc5 Rxe5 23. bxc3 bxc5 24. Qg3 Nd7 25. Bf6 Nxf6 26. Qxe5 Qc6 27. Qg3 h6 28. Rfe1 Rd8 29. h3 c4 30. Be2 Qd7 31. Qf4 d4 32. cxd4 Nd5 33. Qf2 c3 34. Bf3 Qxf5 35. Bxd5 Qxd5 36. Rxc3 Qxd4 37. Re8+ Kh7 38. Qxd4 Rxd4 39. Re7 Rd1+ 40. Kh2 Bd5 41. Rd7 Rd2 42. Rg3 g5 43. Kg1 Kg6 44. h4 f6 45. hxg5 hxg5 46. Rd6 Kf5 47. Rf3+ Ke5 48. Rfxf6 Rxg2+ 49. Kf1 Ra2 50. Rg6 g4 51. Rd8 Bf3 52. Ke1 Kf4 53. Rf8+ Kg3 54. Re8 Rxa3 55. Kd2 Ra2+ 56. Kc3 Ra1 57. Rg7 Rc1+ 58. Kb2 Rc6 59. Reg8 Kf2 60. Rg6 Rxg6 61. Rxg6 Be2 62. Rxg4 Bxg4 63. Ka3 Bc8 64. Kb2 1/2-1/2


[Site "https://www.chess.com"]

[Event "Titled Tuesday Blitz November 14 Early 2023"]
[White "Duda, Jan-Krzysztof"]
[Black "Tatarinov, Dmitry"]
[WhiteFideId "1170546"]
[BlackFideId "24160067"]
[WhiteElo "3100"]
[BlackElo "2808"]
[Result "1-0"]
[Round "3"]
[TimeControl "180+1"]
[Date "2023.11.14"]
[WhiteClock "0:00:09"]
[BlackClock "0:00:06"]
[Board "6"]

1. e4 c5 2. Nf3 Nc6 3. Nc3 Nf6 4. Bb5 e5 5. Bxc6 dxc6 6. Nxe5 Nxe4 7. Qh5 Nd6 8. O-O Be6 9. d3 Be7 10. Nf3 O-O 11. Qxc5 Nb5 12. Qh5 Nxc3 13. bxc3 Bf6 14. Rb1 b5 15. Bg5 Qd5 16. c4 bxc4 17. dxc4 Qf5 18. Qh4 Bxg5 19. Nxg5 Bxc4 20. Qxc4 Qxg5 21. Rfd1 Qg6 22. g3 Rfd8 23. a4 h6 24. a5 Qf6 25. Qc5 Qf3 26. Rxd8+ Rxd8 27. c4 a6 28. Re1 Rd2 29. h4 h5 30. Qe3 Qxe3 31. Rxe3 Ra2 32. Re5 Ra4 33. Rxh5 Rxc4 34. Re5 c5 35. Re8+ Kh7 36. Ra8 Ra4 37. Rxa6 c4 38. Kf1 c3 39. Ke2 c2 40. Kd2 Ra2 41. Kc1 g6 42. g4 Kg7 43. f4 Kh7 44. Ra7 Kg7 45. g5 Kg8 46. a6 Kg7 47. Kd2 Ra4 48. Kxc2 Rxf4 49. Rb7 Rxh4 50. a7 Ra4 51. Kb3 Ra1 52. Kc4 Rc1+ 53. Kd5 Rd1+ 54. Kc6 Rc1+ 55. Kd6 Rd1+ 56. Kc7 Ra1 57. Kb8 Kf8 58. a8=Q Rxa8+ 59. Kxa8 f5 60. gxf6 1-0


[Site "https://www.chess.com"]

[Event "Titled Tuesday Blitz November 14 Early 2023"]
[White "Firouzja, Alireza"]
[Black "Fier, Alexandr"]
[WhiteFideId "12573981"]
[BlackFideId "2107139"]
[WhiteElo "3077"]
[BlackElo "2806"]
[Result "1-0"]
[Round "3"]
[TimeControl "180+1"]
[Date "2023.11.14"]
[WhiteClock "0:00:05"]
[BlackClock "0:00:03"]
[Board "7"]

1. e4 Nf6 2. e5 Nd5 3. d4 d6 4. Nf3 g6 5. Bc4 Nb6 6. Bb3 Bg7 7. Qe2 O-O 8. h3 c5 9. dxc5 dxc5 10. O-O c4 11. Bxc4 Nxc4 12. Qxc4 Nc6 13. Qe2 Bf5 14. Nc3 Nb4 15. Rd1 Qa5 16. g4 Bxc2 17. Rd2 Ba4 18. h4 Bc6 19. a3 Bxf3 20. Qxf3 Nc6 21. Rd5 Qc7 22. Bf4 Nxe5 23. Qe4 f6 24. Rad1 Qc6 25. Bxe5 fxe5 26. Rd7 Qxe4 27. Nxe4 Rf4 28. Rd8+ Rxd8 29. Rxd8+ Bf8 30. Ng5 Rxg4+ 31. Kf1 Rf4 32. Rb8 b6 33. Ra8 a5 34. Rb8 Rf6 35. Ne4 Rc6 36. Nc3 Kf7 37. Nd5 Bg7 38. Rxb6 Rc5 39. Nc3 Rc4 40. h5 gxh5 41. Ra6 e4 42. Rxa5 h4 43. Rh5 Bf6 44. Nd5 Bxb2 45. Rxh7+ Ke6 46. Ne3 Rc1+ 47. Kg2 Bxa3 48. Rxh4 Bd6 49. Rxe4+ Kd7 50. Rh4 Rc5 51. Kf3 Rg5 52. Ra4 Rg6 53. Nc4 Rf6+ 54. Ke2 Bc5 55. f3 Re6+ 56. Kd3 Rh6 57. Ke4 Ke6 58. f4 Bd6 59. Ne3 Rh4 60. Nd5 Rg4 61. Ra5 Rh4 62. Ra1 Rg4 63. Rh1 Kd7 64. Rh7 Rg1 65. Nf6+ Ke6 66. Nh5 Re1+ 67. Kf3 Kd5 68. Ng3 Rb1 69. Rh5+ Ke6 70. Ne4 Kd7 71. Rh6 Rb3+ 72. Kg4 Rb4 73. Kf3 Rb3+ 74. Kg4 Rb4 75. Nxd6 exd6 76. Kg5 Rb1 77. f5 Rg1+ 78. Kf6 Kc6 79. Ke7 Rf1 80. Rxd6+ Kc5 81. f6 Rh1 82. f7 Rh7 83. Rd1 Kc6 84. Ke8 1-0


[Site "https://www.chess.com"]

[Event "Titled Tuesday Blitz November 14 Early 2023"]
[White "Rychkov, Oleg"]
[Black "Sadhwani, Raunak"]
[WhiteFideId "4122852"]
[BlackFideId "35093487"]
[WhiteElo "2805"]
[BlackElo "3062"]
[Result "1-0"]
[Round "3"]
[TimeControl "180+1"]
[Date "2023.11.14"]
[WhiteClock "0:00:55"]
[BlackClock "0:00:06"]
[Board "8"]

1. e4 e6 2. d4 d5 3. Nd2 Nc6 4. Ngf3 Nf6 5. e5 Nd7 6. c4 dxc4 7. Nxc4 Nb6 8. a3 Be7 9. Be3 O-O 10. Qc2 Nd5 11. Bd3 h6 12. h4 b6 13. Rh3 f5 14. exf6 Bxf6 15. O-O-O b5 16. Nce5 Bxe5 17. dxe5 Nce7 18. Rg3 Kh8 19. Bc5 Bb7 20. Ng5 Qd7 21. Bxb5 1-0


[Site "https://www.chess.com"]

[Event "Titled Tuesday Blitz November 14 Early 2023"]
[White "Le, Tuan Minh"]
[Black "Suyarov, Mukhammadzokhid"]
[WhiteFideId "12401153"]
[BlackFideId "14210495"]
[WhiteElo "3062"]
[BlackElo "2792"]
[Result "1-0"]
[Round "3"]
[TimeControl "180+1"]
[Date "2023.11.14"]
[WhiteClock "0:00:40"]
[BlackClock "0:00:00"]
[Board "9"]

1. d4 Nf6 2. c4 e6 3. Nc3 Bb4 4. e3 b6 5. Bd2 Bb7 6. Nf3 O-O 7. Bd3 d6 8. O-O Nbd7 9. Rc1 e5 10. Bb1 Re8 11. a3 Bxc3 12. Bxc3 Be4 13. Ba2 c5 14. b4 Qc7 15. Nd2 Bd3 16. Re1 exd4 17. exd4 Rxe1+ 18. Qxe1 Re8 19. Qd1 Be2 20. Qc2 Bh5 21. Qf5 Bg6 22. Qf4 Qc6 23. Bb3 cxb4 24. d5 Qc7 25. axb4 a5 26. Ba4 h6 27. h3 Kh7 28. Bc6 Re7 29. bxa5 bxa5 30. Ra1 Ne5 31. Bxa5 Qb8 32. Bc3 Nd3 33. Qd4 Ne5 34. Rf1 Ra7 35. f4 Nxc6 36. dxc6 Ra6 37. f5 Bh5 38. Ne4 Rxc6 39. Nxf6+ gxf6 40. Qxf6 Qg8 41. Rf4 Rc5 42. Rh4 1-0


[Site "https://www.chess.com"]

[Event "Titled Tuesday Blitz November 14 Early 2023"]
[White "Lazavik, Denis"]
[Black "Alen_Yeremyann"]
[WhiteFideId "13515110"]
[WhiteElo "3055"]
[BlackElo "2791"]
[Result "1-0"]
[Round "3"]
[TimeControl "180+1"]
[Date "2023.11.14"]
[WhiteClock "0:01:05"]
[BlackClock "0:00:17"]
[Board "10"]

1. d4 Nf6 2. c4 g6 3. g3 Bg7 4. Bg2 O-O 5. Nc3 c6 6. e4 d5 7. e5 Ne4 8. cxd5 cxd5 9. Nge2 Nc6 10. O-O Bf5 11. Be3 Rc8 12. Nxe4 Bxe4 13. Bxe4 dxe4 14. Nc3 Qd7 15. Nxe4 Rfd8 16. Nc5 Qc7 17. Qg4 b6 18. Nb3 Qb7 19. Rac1 Nb4 20. a3 Nd5 21. Bd2 e6 22. h4 Qa6 23. Qf3 h5 24. Bg5 Re8 25. Nd2 Qa4 26. Qd3 Qd7 27. Ne4 Rxc1 28. Rxc1 Rc8 29. Rxc8+ Qxc8 30. Qf3 Bf8 31. Kg2 a5 32. a4 Qd7 33. b3 Qc6 34. Nf6+ Kg7 35. Nxd5 exd5 36. Qf6+ 1-0


[Site "https://www.chess.com"]

[Event "Titled Tuesday Blitz November 14 Early 2023"]
[White "Llorente Zaro, Alfonso"]
[Black "Erdogmus, Yagiz Kaan"]
[WhiteFideId "2254131"]
[BlackFideId "44599790"]
[WhiteElo "2781"]
[BlackElo "3041"]
[Result "0-1"]
[Round "3"]
[TimeControl "180+1"]
[Date "2023.11.14"]
[WhiteClock "0:00:00"]
[BlackClock "0:00:19"]
[Board "11"]

1. e4 c5 2. Nf3 d6 3. g3 Nf6 4. Qe2 Nc6 5. Bg2 g6 6. c3 Bg7 7. O-O O-O 8. Rd1 e5 9. a3 Be6 10. b4 Rc8 11. Bb2 c4 12. a4 d5 13. exd5 Bxd5 14. Ne1 e4 15. f4 exf3 16. Nxf3 Re8 17. Qf1 Be4 18. d4 cxd3 19. Nbd2 Bf5 20. Nh4 Bg4 21. Ndf3 Qb6+ 22. Kh1 Ne4 23. a5 Nxa5 24. Nd4 Bxd1 25. Bxe4 Rxe4 26. Qxd3 Re1+ 27. Kg2 Bxd4 28. Rxa5 Rg1+ 29. Kh3 Qe6+ 30. Nf5 gxf5 31. Qxd4 Bg4+ 0-1


[Site "https://www.chess.com"]

[Event "Titled Tuesday Blitz November 14 Early 2023"]
[White "Demchenko, Anton"]
[Black "Nigmatov, Ortik"]
[WhiteFideId "4160258"]
[BlackFideId "14202131"]
[WhiteElo "3028"]
[BlackElo "2766"]
[Result "1-0"]
[Round "3"]
[TimeControl "180+1"]
[Date "2023.11.14"]
[WhiteClock "0:00:02"]
[BlackClock "0:00:01"]
[Board "12"]

1. e4 c5 2. Nf3 e6 3. d4 cxd4 4. Nxd4 Nf6 5. Bd3 Nc6 6. Nxc6 dxc6 7. Nd2 e5 8. Qe2 Be7 9. O-O O-O 10. Nc4 Qc7 11. a4 Be6 12. b3 Rad8 13. Bb2 Nd7 14. f3 f6 15. Ne3 Bc5 16. Kh1 Bd4 17. Bxd4 exd4 18. Bc4 Bxc4 19. Qxc4+ Kh8 20. Qxd4 Ne5 21. Qc3 Rd7 22. Rad1 Rfd8 23. h3 Ng6 24. Rxd7 Rxd7 25. Qe1 Qf4 26. Qf2 h5 27. a5 a6 28. g3 Qe5 29. Nc4 Qc3 30. Qe2 h4 31. gxh4 Nf4 32. Qf2 Rd4 33. Qg3 Rxe4 34. Qg4 Rd4 35. Rg1 g6 36. h5 f5 37. Qg3 g5 38. h6 Kh7 39. Rf1 Qxc2 40. Qxg5 Rd7 41. Qxf4 Qd3 42. Rg1 Rd4 43. Qg3 Kh8 44. Qg7# 1-0


[Site "https://www.chess.com"]

[Event "Titled Tuesday Blitz November 14 Early 2023"]
[White "Javakhadze, Zurab"]
[Black "Martinez Alcantara, Jose Eduardo"]
[WhiteFideId "13603647"]
[BlackFideId "3805662"]
[WhiteElo "2766"]
[BlackElo "3024"]
[Result "0-1"]
[Round "3"]
[TimeControl "180+1"]
[Date "2023.11.14"]
[WhiteClock "0:00:13"]
[BlackClock "0:00:41"]
[Board "13"]

1. Nf3 c5 2. g3 Nc6 3. Bg2 g6 4. O-O Bg7 5. e4 d6 6. d3 Nf6 7. Nc3 O-O 8. h3 Rb8 9. Be3 b5 10. Ne2 b4 11. Qc1 e5 12. Bh6 Nd4 13. Nfxd4 cxd4 14. Bxg7 Kxg7 15. f4 Bd7 16. c3 dxc3 17. bxc3 bxc3 18. Qxc3 Qb6+ 19. Kh2 Rfc8 20. Qd2 Qb2 21. Qe3 Rc2 22. Rae1 Rb6 23. fxe5 dxe5 24. Rf2 Qxa2 25. Ref1 Qa3 26. Qg5 Qe7 27. d4 Rxe2 28. Rxe2 Ng4+ 0-1


[Site "https://www.chess.com"]

[Event "Titled Tuesday Blitz November 14 Early 2023"]
[White "Terry, Renato"]
[Black "Saydaliev, Saidakbar"]
[WhiteFideId "3803457"]
[BlackFideId "14203693"]
[WhiteElo "3015"]
[BlackElo "2758"]
[Result "1-0"]
[Round "3"]
[TimeControl "180+1"]
[Date "2023.11.14"]
[WhiteClock "0:01:58"]
[BlackClock "0:01:29"]
[Board "14"]

1. d4 Nf6 2. Bg5 c5 3. dxc5 Ne4 4. Be3 e6 5. Nd2 Nxc5 6. c4 Nc6 7. Ngf3 b6 8. g3 Bb7 9. Bg2 Be7 10. O-O O-O 11. Rc1 Bf6 12. Qc2 Rc8 13. Rfd1 Qe7 14. Bxc5 bxc5 15. Ne4 Nd4 16. Nxf6+ Qxf6 17. Nxd4 Bxg2 18. Nb5 Bc6 19. Nxa7 Rb8 20. Nxc6 d6 21. Nxb8 1-0


[Site "https://www.chess.com"]

[Event "Titled Tuesday Blitz November 14 Early 2023"]
[White "Korobov, Anton"]
[Black "Nazari, Arad"]
[WhiteFideId "14105730"]
[BlackFideId "12577324"]
[WhiteElo "3010"]
[BlackElo "2750"]
[Result "1/2-1/2"]
[Round "3"]
[TimeControl "180+1"]
[Date "2023.11.14"]
[WhiteClock "0:00:17"]
[BlackClock "0:00:06"]
[Board "15"]

1. d4 Nf6 2. c4 g6 3. g3 c6 4. Bg2 d5 5. Nf3 Bg7 6. cxd5 cxd5 7. Nc3 O-O 8. Ne5 Nc6 9. Nxc6 bxc6 10. O-O Bf5 11. Na4 Nd7 12. Be3 h5 13. Rc1 Rc8 14. Qd2 h4 15. gxh4 e5 16. Bg5 Qe8 17. dxe5 Nxe5 18. b3 Ng4 19. h3 Nf6 20. Nc5 Nd7 21. Rfd1 Nxc5 22. Rxc5 Qe6 23. Qe3 Qd7 24. Qg3 Rfe8 25. e3 Bf8 26. Rcc1 Ba3 27. h5 Bxc1 28. Rxc1 Be4 29. hxg6 fxg6 30. f3 Bf5 31. h4 Qf7 32. Rf1 c5 33. e4 Be6 34. h5 gxh5 35. f4 Bg4 36. exd5 Qf5 37. d6 Re2 38. Re1 Rce8 39. Be7 Qe6 40. Rxe2 Qxe2 41. f5 Rxe7 42. dxe7 Qxe7 43. f6 Qxf6 44. Qb8+ Qf8 45. Qxa7 Qd6 46. Qa8+ Kg7 47. Qd5 Qxd5 48. Bxd5 Kf6 49. a4 Ke5 50. Bg2 Kd6 51. a5 Kc7 52. Kh2 Be6 53. Bf3 Bxb3 54. Bxh5 c4 55. Bf7 Kb7 56. Bxc4 Bxc4 57. a6+ Bxa6 1/2-1/2


[Site "https://www.chess.com"]

[Event "Titled Tuesday Blitz November 14 Early 2023"]
[White "Muradli, Mahammad"]
[Black "Samunenkov, Ihor"]
[WhiteFideId "13409301"]
[BlackFideId "14187086"]
[WhiteElo "3001"]
[BlackElo "2750"]
[Result "0-1"]
[Round "3"]
[TimeControl "180+1"]
[Date "2023.11.14"]
[WhiteClock "0:00:01"]
[BlackClock "0:00:08"]
[Board "16"]

1. Nf3 d5 2. d4 Nf6 3. Bf4 e6 4. e3 Bd6 5. Bg3 O-O 6. Nbd2 c5 7. dxc5 Bxc5 8. Bd3 b6 9. Qe2 Bb7 10. e4 dxe4 11. Nxe4 Nbd7 12. Rd1 Nxe4 13. Bxe4 Bxe4 14. Qxe4 Nf6 15. Qe2 Qe7 16. O-O Qb7 17. Rd3 Rad8 18. Rfd1 Rxd3 19. Rxd3 Ne4 20. Bh4 h6 21. Nd2 Nxd2 22. Qxd2 b5 23. a3 Qe4 24. Bg3 Rc8 25. h3 Bb6 26. c3 h5 27. Rd7 Rc5 28. Qf4 Qe1+ 29. Kh2 Rf5 30. Qh4 Bxf2 31. Bxf2 Qxf2 32. Qxf2 Rxf2 33. b4 Rc2 34. Rc7 h4 35. Kg1 g6 36. Kf1 Kg7 37. Rc5 a6 38. Rc6 Kf6 39. Kg1 Kf5 40. Rxa6 Rxc3 41. Ra5 e5 42. Rxb5 Rxa3 43. Rb8 Rb3 44. b5 Kf4 45. b6 f5 46. Kh2 Rb1 47. Rb7 g5 48. Rb8 e4 49. b7 e3 50. Ra8 Rxb7 51. Ra4+ Ke5 52. Ra5+ Ke4 53. Ra4+ Kd3 54. Ra3+ Kd2 55. Ra2+ Kc3 56. Ra5 Re7 0-1


[Site "https://www.chess.com"]

[Event "Titled Tuesday Blitz November 14 Early 2023"]
[White "Hayrapetyan, Hovik"]
[Black "Vokhidov, Shamsiddin"]
[WhiteFideId "13302639"]
[BlackFideId "14204223"]
[WhiteElo "2747"]
[BlackElo "2999"]
[Result "0-1"]
[Round "3"]
[TimeControl "180+1"]
[Date "2023.11.14"]
[WhiteClock "0:00:02"]
[BlackClock "0:02:23"]
[Board "17"]

1. d4 Nf6 2. c4 e6 3. Nc3 Bb4 4. e3 O-O 5. Bd3 d5 6. cxd5 exd5 7. Qc2 Re8 8. a3 Bd6 9. Nb5 Nc6 10. Nxd6 Qxd6 11. Ne2 Bg4 12. O-O Bh5 13. Nf4 Bg6 14. Nxg6 hxg6 15. b4 Ng4 16. g3 Nd8 17. b5 Ne6 18. f3 Nf6 19. a4 g5 20. Ba3 Qd7 21. Rac1 g6 22. a5 Rac8 23. Kg2 g4 24. fxg4 Nxg4 25. Rce1 Ng5 26. Bc1 Kg7 27. Rf4 Nxh2 28. Kxh2 Rh8+ 29. Kg1 Nh3+ 30. Kf1 Nxf4 31. exf4 Rh1+ 32. Kf2 Rh2+ 33. Kf3 Rxc2 34. Bxc2 Re8 35. Rxe8 Qxe8 36. Bd3 Qe1 0-1


[Site "https://www.chess.com"]

[Event "Titled Tuesday Blitz November 14 Early 2023"]
[White "Komov, Roman"]
[Black "Xu, Xiangyu"]
[WhiteFideId "24175714"]
[BlackFideId "8608288"]
[WhiteElo "2746"]
[BlackElo "2972"]
[Result "0-1"]
[Round "3"]
[TimeControl "180+1"]
[Date "2023.11.14"]
[WhiteClock "0:00:03"]
[BlackClock "0:00:21"]
[Board "18"]

1. e4 c5 2. Nf3 d6 3. Bb5+ Bd7 4. Bxd7+ Qxd7 5. O-O Nf6 6. Re1 Nc6 7. c3 e6 8. d4 cxd4 9. cxd4 d5 10. e5 Ne4 11. Re3 Be7 12. Nc3 Nxc3 13. bxc3 Rc8 14. a4 Na5 15. Nd2 Rc6 16. Rh3 h6 17. Qg4 g6 18. Rf3 Rh7 19. h4 h5 20. Qf4 Bf8 21. Rd3 Kd8 22. Nf3 Be7 23. Ba3 Kc8 24. Bxe7 Qxe7 25. Ng5 Rg7 26. Rf3 Rc7 27. Rb1 b6 28. g3 Nc6 29. Kg2 Na5 30. Rb5 Nc6 31. Qe3 Na5 32. Rf6 Qa3 33. Qf4 Qxa4 34. Rb4 Qe8 35. Nxe6 fxe6 36. Rf8 Kd7 37. Rxe8 Kxe8 38. Qf6 Rce7 39. f3 Nc4 40. Qg5 Kd7 41. g4 hxg4 42. fxg4 a5 43. Rb1 a4 44. Kg3 Kc6 45. Qf6 a3 46. Ra1 Kb7 47. Qf8 Rc7 48. Qe8 Rc6 49. Kh3 b5 50. h5 gxh5 51. gxh5 Rgc7 52. h6 Rc8 53. Qd7+ Kb6 54. Qg7 R6c7 55. Qg6 Ka5 56. Qxe6 Rc6 57. Qxd5 Rxh6+ 58. Kg4 Ne3+ 0-1


[Site "https://www.chess.com"]

[Event "Titled Tuesday Blitz November 14 Early 2023"]
[White "Gholami Orimi, Mahdi"]
[Black "Arifarsky"]
[WhiteFideId "12558486"]
[WhiteElo "2970"]
[BlackElo "2744"]
[Result "1-0"]
[Round "3"]
[TimeControl "180+1"]
[Date "2023.11.14"]
[WhiteClock "0:00:32"]
[BlackClock "0:00:06"]
[Board "19"]

1. d4 Nf6 2. c4 e6 3. Nc3 Bb4 4. Qc2 c6 5. e4 d5 6. e5 Ne4 7. Bd3 c5 8. Ne2 cxd4 9. a3 Be7 10. Nxe4 dxe4 11. Bxe4 Nc6 12. f4 a5 13. O-O h6 14. Qd3 O-O 15. Bd2 a4 16. Rf3 f6 17. exf6 Bxf6 18. Ng3 Qb6 19. Nh5 Ne7 20. Bb4 Qc7 21. Nxf6+ Rxf6 22. Qxd4 Nc6 23. Qd6 Qb6+ 24. Qc5 Qd8 25. Bc3 Rf8 26. Rg3 Rf7 27. Rf1 Qf8 28. Qh5 Ne7 29. Qxh6 Nf5 30. Qg6 Ra6 31. Rh3 Qc5+ 32. Kh1 Kf8 33. Rh8+ 1-0


[Site "https://www.chess.com"]

[Event "Titled Tuesday Blitz November 14 Early 2023"]
[White "Atakhan, Abtin"]
[Black "Daneshvar, Bardiya"]
[WhiteFideId "22502203"]
[BlackFideId "12576468"]
[WhiteElo "2743"]
[BlackElo "2970"]
[Result "0-1"]
[Round "3"]
[TimeControl "180+1"]
[Date "2023.11.14"]
[WhiteClock "0:00:00"]
[BlackClock "0:00:09"]
[Board "20"]

1. c4 g6 2. g3 Bg7 3. Bg2 e6 4. Nc3 Ne7 5. d4 d5 6. cxd5 exd5 7. h4 h6 8. Nf3 c6 9. Bf4 Nd7 10. Qd2 Nf6 11. Ne5 Nh5 12. Be3 Nf5 13. g4 Bxe5 14. dxe5 Nxe3 15. Qxe3 d4 16. Qe4 dxc3 17. Rd1 Qa5 18. b4 Qxa2 19. gxh5 c2 20. Rc1 Bf5 21. Qe3 gxh5 22. Qc3 Rd8 23. e4 Rd1+ 24. Ke2 Qa6+ 25. Ke3 Qb6+ 26. Ke2 Bg4+ 27. f3 Qb5+ 28. Kf2 Qb6+ 29. Ke2 Be6 30. Rhxd1 cxd1=Q+ 31. Rxd1 Rg8 32. Kf1 Qb5+ 33. Kf2 Rxg2+ 34. Kxg2 Qe2+ 35. Kg3 Qxd1 36. Qc5 a6 37. Qb6 Qd7 38. Kf4 Kf8 39. Qa7 Kg7 40. b5 axb5 41. Qg1+ Kh7 42. Qe1 Qe7 43. Qg3 b4 44. Qf2 b3 45. Qd4 Qxh4+ 46. Ke3 Qe1+ 47. Kf4 Qc1+ 48. Kg3 b2 0-1


[Site "https://www.chess.com"]

[Event "Titled Tuesday Blitz November 14 Early 2023"]
[White "Grischuk, Alexander"]
[Black "Harshavardhan G B"]
[WhiteFideId "4126025"]
[BlackFideId "25059009"]
[WhiteElo "2965"]
[BlackElo "2741"]
[Result "0-1"]
[Round "3"]
[TimeControl "180+1"]
[Date "2023.11.14"]
[WhiteClock "0:00:03"]
[BlackClock "0:00:08"]
[Board "21"]

1. d4 Nf6 2. c4 e6 3. Bg5 d5 4. e3 Nbd7 5. Nc3 c6 6. Qc2 h6 7. Bf4 Bb4 8. a3 Ba5 9. Nf3 g5 10. Bg3 Ne4 11. Bd3 f5 12. b4 Nxg3 13. hxg3 Bc7 14. cxd5 cxd5 15. Bxf5 exf5 16. Nxd5 Bd6 17. Qxf5 Nf8 18. Qe4+ Be6 19. O-O Bxg3 20. Nc3 Rc8 21. d5 Rxc3 22. dxe6 Bb8 23. Rad1 Qc7 24. Rd7 Nxd7 25. exd7+ Kd8 26. g3 Qc6 27. Qf5 Rc1 28. Nd4 Rxf1+ 29. Kxf1 Qd6 30. Qf7 Qe7 31. Qf5 Bd6 32. Qa5+ Bc7 33. Qxa7 Qxd7 34. Qxb7 Rf8 35. Ke1 Bd6 36. Qa8+ Ke7 37. Qe4+ Kf7 38. Qh7+ Ke8 39. Qxh6 Rf7 40. Qxg5 Bf8 41. Qe5+ Re7 42. Qh5+ Kd8 43. Kf1 Bg7 44. Qa5+ Ke8 45. Qh5+ Kf8 46. Qf3+ Rf7 47. Qa8+ Qe8 48. Ne6+ Ke7 49. Qxe8+ Kxe8 50. Nxg7+ Rxg7 51. Ke2 Ra7 52. f4 Rxa3 53. g4 Kf7 54. e4 Rb3 55. g5 Kg6 56. Kf2 Kh5 57. Ke2 Kg6 58. Kf2 Kh5 59. Ke2 Rxb4 60. Ke3 Ra4 61. Kf3 Kg6 62. Kg4 Rxe4 0-1


[Site "https://www.chess.com"]

[Event "Titled Tuesday Blitz November 14 Early 2023"]
[White "Csonka, Balazs"]
[Black "Matlakov, Maxim"]
[WhiteFideId "742910"]
[BlackFideId "4168003"]
[WhiteElo "2730"]
[BlackElo "2960"]
[Result "1/2-1/2"]
[Round "3"]
[TimeControl "180+1"]
[Date "2023.11.14"]
[WhiteClock "0:01:21"]
[BlackClock "0:01:32"]
[Board "22"]

1. e4 c5 2. Nf3 Nc6 3. d4 cxd4 4. Nxd4 e6 5. Nc3 Qc7 6. Be3 a6 7. a3 b5 8. Nxc6 Qxc6 9. Be2 Bb7 10. O-O Rc8 11. Qd2 Qd6 12. Rfd1 Qxd2 13. Rxd2 Bc5 14. Bxc5 Rxc5 15. f3 Nf6 16. a4 b4 17. Na2 a5 18. Nc1 Bc6 19. Nd3 Rc4 20. Ne5 Rc5 21. Nd3 Rc4 22. Ne5 Rc5 23. Nd3 1/2-1/2


[Site "https://www.chess.com"]

[Event "Titled Tuesday Blitz November 14 Early 2023"]
[White "Mitrabha, Guha"]
[Black "Borsuk, Konstantin"]
[WhiteFideId "5057000"]
[BlackFideId "14113406"]
[WhiteElo "2954"]
[BlackElo "2724"]
[Result "1-0"]
[Round "3"]
[TimeControl "180+1"]
[Date "2023.11.14"]
[WhiteClock "0:00:22"]
[BlackClock "0:00:00"]
[Board "23"]

1. Nf3 e6 2. c4 Nf6 3. g3 b6 4. Bg2 Bb7 5. O-O g6 6. b3 Bg7 7. Bb2 O-O 8. d4 d6 9. Nc3 Ne4 10. Qc2 f5 11. Rfd1 Nd7 12. e3 a6 13. Ne2 g5 14. Nd2 d5 15. Nf3 Rc8 16. Rac1 Qe7 17. Qb1 h6 18. a3 Ba8 19. a4 Rfd8 20. Qa1 Qf7 21. Rc2 Qh5 22. Rdc1 c6 23. a5 b5 24. cxb5 axb5 25. a6 Qf7 26. Qa5 Bf8 27. Nc3 Rb8 28. Na2 b4 29. Bf1 Qe8 30. Ra1 c5 31. dxc5 Ndxc5 32. Nc1 Bg7 33. Bxg7 Kxg7 34. Rxc5 Nxc5 35. Qxc5 Qf8 36. Qd4+ Qf6 37. Ne5 Rbc8 38. Ncd3 Rb8 39. Rc1 Rdc8 40. Qa7+ Kg8 41. Rxc8+ Rxc8 42. Qd7 Rf8 43. Be2 f4 44. exf4 gxf4 45. gxf4 d4 46. Bh5 Be4 47. f3 Bf5 48. Bf7+ Kh8 49. Bh5 1-0


[Site "https://www.chess.com"]